 Dungeon Crawl Stone Soup version 0.29.1-12-g30fa7ad0bf (webtiles) character file.

Game seed: 331879254604907685

24 Radix the Sneak (level 2, -1/17 HPs)
             Began as a Vampire Brigand on Dec 15, 2022.
             Slain by a crimson imp (2 damage)
             ... summoned by Natasha
             ... on level 2 of the Dungeon.
             The game lasted 00:05:09 (745 turns).

Radix the Sneak (Vampire Brigand)                    Turns: 745, Time: 00:05:10

Health: -1/17      AC:  7    Str: 16    XL:     2   Next: 79%
Magic:  2/2        EV: 12    Int: 13    God:
Gold:   61         SH:  0    Dex: 15    Spells: 1/1 levels left

rFire   . . .      SeeInvis +   a - +2 dagger
rCold   + + .      Faith    .   (no shield)
rNeg    + + +      Spirit   .   b - +0 robe
rPois   ∞          Reflect  .   (no helmet)
rElec   .          Harm     .   c - +0 cloak
rCorr   .          Rampage  .   (no gloves)
Will    .....                   (no boots)
Stlth   +++++.....              (no amulet)
HPRegen 0.00/turn               m - +4 ring of protection
MPRegen 0.08/turn               o - +6 ring of strength

@: bloodless, inhibited regen
A: bloodless, fangs 3, see invisible, vampiric 1
a: Revivify


You were on level 2 of the Dungeon.
You visited 1 branch of the dungeon, and saw 2 of its levels.

You collected 61 gold pieces.

Inventory:

Hand Weapons
 a - a +2 dagger (weapon)
 j - a +0 vampiric dagger
Missiles
 d - 7 poisoned darts (quivered)
 e - 3 curare-tipped darts
Armour
 b - a +0 robe (worn)
 c - a +0 cloak (worn)
 n - a +0 leather armour
Jewellery
 m - a +4 ring of protection (left hand)
 o - a +6 ring of strength (right hand)
Scrolls
 i - a scroll of teleportation {unknown}
 k - a scroll of acquirement {unknown}
Potions
 g - a potion of curing {unknown}
 h - a potion of heal wounds {unknown}
 l - a potion of magic {unknown}
 p - a potion of brilliance {unknown}


   Skills:
 - Level 2.2 Fighting
 - Level 2.7 Short Blades
 - Level 1.5 Throwing
 + Level 0.5 Armour
 - Level 1.1 Dodging
 - Level 6.3 Stealth


You had one spell level left.
You didn't know any spells.
Your spell library was empty.

Dungeon Overview and Level Annotations

Branches:
Dungeon (2/15)

Altars:

Annotations:
D:2 Natasha


Innate Abilities, Weirdness & Mutations

You do not regenerate when monsters are visible.
You are frail without blood (-20% HP).
You can heal yourself when you bite living creatures.
You are immune to poison.
You have razor-sharp teeth.
You have supernaturally acute eyesight. (SInv)
You are afflicted with vampirism.


Message History

Press: ? - help, Q - select action, (/) - cycle Shift-Dir - straight line, f - crimson imp
Aim: a crimson imp (summoned, 44% to hit)
You throw a poisoned dart.
The poisoned dart closely misses the crimson imp.
The poisoned dart closely misses Natasha.
The crimson imp misses you.
You miss the crimson imp.
The crimson imp hits you but does no damage.
Throw: 8 darts (poison)
Press: ? - help, Q - select action, (/) - cycle Shift-Dir - straight line, f/p - crimson imp
Aim: a crimson imp (summoned, 44% to hit)
You throw a poisoned dart.
The poisoned dart completely misses the crimson imp.
The poisoned dart hits Natasha.
Natasha is poisoned.
The crimson imp blinks!
Natasha mumbles some strange words.
You closely miss Natasha. Natasha claws you but does no damage.
You hit Natasha.
Natasha is lightly wounded.
Natasha closely misses you.
You hit Natasha.
Natasha is moderately wounded.
Natasha looks more healthy.
The crimson imp blinks!
Natasha barely misses you.
You hit Natasha.
Natasha is heavily wounded.
Natasha closely misses you.
The crimson imp blinks!
You hit Natasha.
Natasha is severely wounded.
Natasha casts a spell at you. The magic dart hits you!
Ouch! That really hurt!
* * * LOW HITPOINT WARNING * * *
You hit Natasha.
Natasha is severely wounded.
The crimson imp misses you. Natasha claws you.
* * * LOW HITPOINT WARNING * * *
As you read the scroll labelled HOD ROEXEIQ, it crumbles to dust.
You feel a surge of unholy energy.
Natasha convulses!
It was a scroll of torment.
The crimson imp hits you.
You die...

#.........######
#.........#
#.........#
#.........# #
#####.########
..#####.#...>..#
........#[....>#
........#5.5...#
........@h..(#
###.###.###..#
## #.# ..... ###
....... ##.....
.#### . ##


You could see Natasha and 2 crimson imps.

Vanquished Creatures
  A dart slug (D:1)
  3 endoplasms (D:1)
  2 goblins (D:1)
  2 jackals (D:2)
  2 kobolds (D:1)
  A quokka (D:1)
  3 ball pythons
  3 bats (D:1)
  2 frilled lizards (D:1)
  2 rats (D:1)
21 creatures vanquished.

Notes
Turn   | Place    | Note
-------+----------+-------------------------------------------
     0 | D:1      | Radix the Vampire Brigand began the quest for the Orb.
     0 | D:1      | Reached XP level 1. HP: 16/16 MP: 1/1
    82 | D:1      | Reached skill level 6 in Stealth
   197 | D:1      | Reached XP level 2. HP: 17/17 MP: 2/2
   716 | D:2      | Noticed Natasha
   725 | D:2      | Noticed a crimson imp
   739 | D:2      | Noticed a crimson imp
   745 | D:2      | Slain by a crimson imp

Illustrated notes

Levels and vault maps discovered:
D:1:      dpeg_arrival_more_subterranean_lakeside_camping, layout_basic,
          supply_closet_lemuel, minmay_distorted
D:2:      layout_rooms, dreamdust_princess_corridor, kennysheep_another_room,
          minmay_fractal_squares_gapless_5, uniq_natasha,
          uniq_crazy_yiuf_cottage

Skill      XL: |  1 |
---------------+----+-----
Stealth        | 6 |  6.3
Fighting       | 2 |  2.2
Short Blades   | |  2.7
Throwing       | |  1.5
Armour         | |  0.5
Dodging        | |  1.1

Action                   || total
-------------------------++-------
Melee: Dagger            ||    49
       Bite              ||     4
Throw: Dart              ||     2
 Abil: Exsanguinate      ||     1
  Use: Scroll            ||     1
 Stab: Sleeping          ||     9
Armor: Robe              ||    19
Dodge: Dodged            ||    33
